 Dungeon Crawl Stone Soup version 0.28.0-53-g5a82cb258f (webtiles) character file.

Game seed: 11598601518445165072

17777 nonceun the Severer (level 12, -3/154 HPs)
             Began as a Minotaur Berserker on Aug 23, 2022.
             Was a High Priest of Trog.
             Slain by a 15-headed hydra (5 damage)
             ... on level 3 of the Lair of Beasts.
             The game lasted 00:45:55 (11464 turns).

nonceun the Severer (Minotaur Berserker)           Turns: 11464, Time: 00:45:56

Health: -3/154     AC: 23    Str: 31    XL:     12   Next: 21%
Magic:  11/11      EV:  7    Int:  2    God:    Trog [*****.]
Gold:   389        SH:  6    Dex: 10    Spells: 11/11 levels left

rFire   + + +      SeeInvis .   a - +3 broad axe (vorpal)
rCold   + + +      Faith    .   F - +0 buckler
rNeg    . . .      Spirit   .   R - +0 gold dragon scales
rPois   +          Reflect  .   (helmet restricted)
rElec   .          Harm     .   Q - scarf {rC+ rF+}
rCorr   +          Rampage  .   v - +0 pair of gloves
Will    ++...                   m - +0 pair of boots
Stlth   ..........              z - amulet of regeneration
HPRegen 2.15/turn               o - ring of protection from cold
MPRegen 0.12/turn               C - ring "Ebalyuhu" {Drain rCorr AC+4 Str+4}

@: berserking, strong-willed, regenerating, very quick
A: horns 2, retaliatory headbutt, dopey 1, fire resistance 1
a: Renounce Religion, Berserk, Trog's Hand, Brothers in Arms


You were on level 3 of the Lair of Beasts.
You worshipped Trog.
Trog was extremely pleased with you.
You visited 2 branches of the dungeon, and saw 13 of its levels.

You collected 689 gold pieces.
You spent 300 gold pieces at shops.

Inventory:

Hand Weapons
 a - a +3 vorpal broad axe (weapon)
 y - a +1 flail of holy wrath
Missiles
 f - 521 stones (quivered)
 T - 2 throwing nets
Armour
 m - a +0 pair of boots (worn)
 v - a +0 pair of gloves (worn)
 B - a +0 cloak
 F - a +0 buckler (worn)
 Q - a scarf of resistance (worn)
 R - +0 gold dragon scales (worn)
Jewellery
 o - a ring of protection from cold (left hand)
 r - a ring of fire
 z - an amulet of regeneration (around neck)
 C - the ring "Ebalyuhu" (right hand) {Drain rCorr AC+4 Str+4}
   (You found it on level 7 of the Dungeon)

   [ring of protection]

   AC:        It affects your AC (+4).
   Str:       It affects your strength (+4).
   rCorr:     It protects you from acid and corrosion.
   Drain:     It drains your maximum health when unequipped.
 K - the amulet "Irhyfipn" {Faith rF- rN+ Regen+}
   (You found it on level 8 of the Dungeon)

   [amulet of faith]

   It allows you to gain divine favour quickly.
   rF:        It makes you vulnerable to fire.
   rN:        It protects you from negative energy.
   Regen:     It increases your rate of health regeneration.
 P - the brooch of Shielding {Spirit SH+8}
   (You found it on level 10 of the Dungeon)

   [amulet of guardian spirit]

   It causes incoming damage to be divided between your reserves of health and
   magic.
   SH:        It affects your SH (+8).
Wands
 I - a wand of iceblast (6)
 J - a wand of digging (1)
 N - a wand of flame (15)
 S - a wand of acid (5)
Scrolls
 c - 2 scrolls of enchant armour {unknown}
 d - 13 scrolls of identify {unknown}
 g - 8 scrolls of teleportation {unknown}
 i - 4 scrolls of vulnerability {unknown}
 j - 5 scrolls of magic mapping {unknown}
 k - a scroll of holy word {unknown}
 l - 2 scrolls of amnesia {unknown}
 q - a scroll of blinking {unknown}
 t - a scroll of fog {unknown}
 u - a scroll of brand weapon {unknown}
 A - a scroll of fear {unknown}
 H - 4 scrolls of enchant weapon {unknown}
 V - 2 scrolls of noise {unknown}
Potions
 b - 3 potions of brilliance {unknown}
 e - 2 potions of magic {unknown}
 h - 10 potions of curing
 n - 4 potions of attraction {unknown}
 p - a potion of berserk rage {unknown}
 s - 3 potions of degeneration {unknown}
 w - a potion of resistance {unknown}
 x - a potion of invisibility
 D - 2 potions of haste {unknown}
 G - a potion of ambrosia
 L - 2 potions of lignification {unknown}
 M - 4 potions of heal wounds {unknown}
 O - a potion of flight {unknown}
 U - a potion of cancellation {unknown}
Miscellaneous
 E - a lightning rod (4/4)


   Skills:
 + Level 8.4 Fighting
 + Level 16.9 Axes
 + Level 8.1 Armour
 * Level 7.3 Dodging
 * Level 9.5 Shields
 * Level 4.5 Evocations


You had 11 spell levels left.
You didn't know any spells.
Your spell library contained the following spells:

 Spells                   Type           Power      Damage    Failure   Level
 Magic Dart               Conj           0%         1d3       100%        1
 Shock                    Conj/Air       0%         1d3       100%        1
 Call Imp                 Summ           0%         N/A       100%        2
 Ensorcelled Hibernation  Hex/Ice        0%         N/A       100%        2
 Frozen Ramparts          Ice            0%         1d2       100%        3
 Mephitic Cloud           Conj/Pois/Air  0%         N/A       100%        3
 Spider Form              Tmut/Pois      0%         N/A       100%        3
 Swiftness                Air            0%         N/A       100%        3
 Airstrike                Air            0%         N/A       100%        4
 Anguish                  Hex/Necr       0%         N/A       100%        4
 Fulminant Prism          Conj/Hex       0%         3d6       100%        4
 Ice Form                 Ice/Tmut       0%         N/A       100%        4
 Iskenderun's Mystic Bla  Conj/Tloc      0%         2d3       100%        4
 Summon Ice Beast         Ice/Summ       0%         N/A       100%        4
 Lee's Rapid Deconstruct  Erth           0%         3d5*      100%        5


Dungeon Overview and Level Annotations

Branches:
Dungeon (10/15)              Lair (3/6) D:10         Spider (0/4) Lair:2
    Orc (0/2) D:9
 Temple: D:4-7        Swamp: Lair:2-4    Shoals: Lair:2-4

Altars:
Dithmenos
Okawaru
Qazlal
Ru
Trog
Xom
Yredelemnul

Shops:
D:2 (   D:3 !

Annotations:
Lair:2 !five-headed hydra, 2 exclusions
Lair:3 !six-headed hydra, 7 exclusions


Innate Abilities, Weirdness & Mutations

You have a pair of horns on your head.
You reflexively headbutt those who attack you in melee.
You are dopey. (Int -2)
Your flesh is heat resistant. (rF+)


Message History

The 12-headed hydra bites you but does no damage. x2
The 12-headed hydra bites you.
You lop one of the 12-headed hydra's heads off!
The 11-headed hydra grows two more!
You slash the 13-headed hydra! You headbutt the 13-headed hydra!
The 13-headed hydra is severely wounded.
You chop one of the 13-headed hydra's heads off!
The 12-headed hydra grows two more!
You slash the 14-headed hydra!
The 14-headed hydra is severely wounded.
The 14-headed hydra bites you but does no damage. x3
The 14-headed hydra barely misses you. You block the 14-headed hydra's attack.
The 14-headed hydra bites you.
The 14-headed hydra bites you but does no damage. x2
The 14-headed hydra bites you.
The 14-headed hydra bites you but does no damage.
The 14-headed hydra barely misses you.
The 14-headed hydra bites you but does no damage. x3
You slice one of the 14-headed hydra's heads off!
The 13-headed hydra grows two more!
You slash the 15-headed hydra!
The 15-headed hydra is severely wounded.
The 15-headed hydra bites you. The 15-headed hydra bites you!
You block the 15-headed hydra's attack. x2
The 15-headed hydra barely misses you. The 15-headed hydra closely misses you.
The 15-headed hydra bites you! The 15-headed hydra closely misses you.
The 15-headed hydra bites you!
* * * LOW HITPOINT WARNING * * *
The 15-headed hydra bites you.
* * * LOW HITPOINT WARNING * * *
The 15-headed hydra bites you.
* * * LOW HITPOINT WARNING * * *
The 15-headed hydra bites you.
* * * LOW HITPOINT WARNING * * *
You block the 15-headed hydra's attack. x2
The 15-headed hydra bites you but does no damage.
A red film seems to cover your vision as you go berserk!
You feel yourself moving faster!
You feel mighty!
You block the 15-headed hydra's attack. x2; The 15-headed hydra bites you!
* * * LOW HITPOINT WARNING * * *
The 15-headed hydra bites you.
You die...

#...........#.≈♣.....
#.....Y..#.....≈...P.
#........#.....≈..... #
###.#...P#......≈..P.[
#..#.##Y##+.#....††≈.....
#..................≈♣≈PP.
........YYY..........♣≈≈..
#..######D##########..P≈≈.
# #@# #P..P♣≈ ### ##...P≈
##.... ##.#. ##.# ###


You could see a 15-headed hydra and 4 yaks.

Vanquished Creatures
  A two-headed ogre (D:10)
  Sonja (Lair:1)
  5 cane toads
  A kobold demonologist (D:9)
  4 komodo dragons
  2 wraiths
  25 yaks
  A vampire (D:10)
  A wyvern (D:6)
  3 basilisks (Lair:2)
  2 vampire mosquitoes (D:10)
  A warg (D:9)
  Edmund (D:5)
  5 water moccasins
  5 orc warriors
  An ice beast (D:8)
  3 black bears
  2 ogres
  A sky beast (D:7)
  A necrophage (D:6)
  45 wolves
  4 centaurs
  A phantom (D:7)
  2 kobold brigands
  9 bullfrogs
  2 gnoll sergeants (D:7)
  2 scorpions (D:5)
  2 wyvern skeletons
  A water moccasin skeleton (D:6)
  3 killer bees (D:9)
  7 wights
  2 howler monkeys
  2 centaur zombies
  3 hounds
  A bullfrog zombie (D:6)
  10 orc priests
  2 bullfrog skeletons (D:4)
  2 centaur skeletons
  A jelly (D:5)
  2 iguanas
  10 orc wizards
  A killer bee zombie (D:8)
  2 howler monkey zombies (D:9)
  7 adders
  13 gnolls
  A shadow imp (D:5)
  2 ufetubi
  A worm (D:4)
  2 dart slugs (D:4)
  36 orcs
  4 ball pythons
  4 bats
  6 endoplasms
  3 giant cockroaches
  4 goblins
  6 hobgoblins
  2 quokkas
  3 frilled lizards
  11 kobolds
  6 rats
293 creatures vanquished.

Vanquished Creatures (others)
  A fungus (Lair:3)
  12 plants
13 creatures vanquished.

Grand Total: 306 creatures vanquished

Notes
Turn   | Place    | Note
-------+----------+-------------------------------------------
     0 | D:1      | nonceun the Minotaur Berserker began the quest for the Orb.
     0 | D:1      | Reached XP level 1. HP: 19/19 MP: 0/0
   224 | D:1      | Found a faded altar of an unknown god.
   273 | D:1      | Reached skill level 4 in Axes
   461 | D:1      | Reached XP level 2. HP: 21/26 MP: 1/1
  1200 | D:2      | Found Vedask's Weapon Shoppe.
  1468 | D:2      | Found an iron altar of Okawaru.
  1625 | D:2      | Reached skill level 5 in Axes
  1657 | D:2      | Reached ** piety under Trog
  2000 | D:2      | Reached XP level 3. HP: 31/31 MP: 2/2
  2545 | D:3      | Found a bloodstained altar of Trog.
  2960 | D:3      | Reached skill level 6 in Axes
  2960 | D:3      | Reached XP level 4. HP: 39/39 MP: 3/3
  2960 | D:3      | Found a sacrificial altar of Ru.
  2986 | D:3      | Found Fauvvih's Distillery.
  2991 | D:3      | Bought a potion of curing for 30 gold pieces
  2991 | D:3      | Bought a potion of mutation for 80 gold pieces
  2993 | D:3      | Gained mutation: Your body sometimes deteriorates upon
                  | taking damage. [potion of mutation]
  2993 | D:3      | Gained mutation: You occasionally shout uncontrollably at
                  | your foes. [potion of mutation]
  2993 | D:3      | Gained mutation: You have an increased reservoir of magic.
                  | (+10% MP) [potion of mutation]
  2994 | D:3      | Lost mutation: You have an increased reservoir of magic.
                  | (+10% MP) [potion of mutation]
  2994 | D:3      | Lost mutation: Your body sometimes deteriorates upon taking
                  | damage. [potion of mutation]
  2994 | D:3      | Lost mutation: You occasionally shout uncontrollably at
                  | your foes. [potion of mutation]
  2994 | D:3      | Gained mutation: You are dopey. (Int -2) [potion of
                  | mutation]
  2994 | D:3      | Gained mutation: Your flesh is heat resistant. (rF+)
                  | [potion of mutation]
  3381 | D:4      | Identified the +8 flail "Usoxusch" {distort, rF- rN+ Str+7
                  | Dex+3}
  3454 | D:4      | Noticed a black bear
  3461 | D:4      | Killed a black bear
  3462 | D:4      | Reached skill level 7 in Axes
  3462 | D:4      | Reached XP level 5. HP: 28/45 MP: 4/4
  3524 | D:4      | Reached skill level 8 in Axes
  3555 | D:4      | Reached XP level 6. HP: 48/51 MP: 5/5
  3923 | D:4      | Reached skill level 9 in Axes
  4253 | D:5      | Entered Level 5 of the Dungeon
  4309 | D:5      | Reached XP level 7. HP: 56/57 MP: 6/6
  4321 | D:5      | Reached skill level 1 in Shields
  4386 | D:5      | Reached skill level 10 in Axes
  4549 | D:5      | Noticed Edmund
  4561 | D:5      | Killed Edmund
  4624 | D:5      | Reached skill level 11 in Axes
  4746 | D:5      | Identified the +4 quarterstaff "Temisywky" {chaos, rElec
                  | Int-5 Dex+4}
  5019 | D:6      | Reached XP level 8. HP: 64/64 MP: 7/7
  5211 | D:6      | Reached skill level 12 in Axes
  5244 | D:6      | Reached *** piety under Trog
  5752 | D:7      | Reached skill level 13 in Axes
  5960 | D:7      | Identified the ring "Ebalyuhu" {Drain rCorr AC+4 Str+4}
  6045 | D:7      | Reached XP level 9. HP: 56/70 MP: 8/8
  6249 | D:7      | Reached skill level 5 in Shields
  6317 | D:7      | Reached skill level 14 in Axes
  6956 | D:3      | Bought a potion of invisibility for 80 gold pieces
  6956 | D:3      | Bought a potion of curing for 30 gold pieces
  6956 | D:3      | Bought a potion of ambrosia for 80 gold pieces
  7225 | D:8      | Identified the amulet "Irhyfipn" {Faith rF- rN+ Regen+}
  7440 | D:8      | Found a shadowy altar of Dithmenos.
  7441 | D:8      | Found a shimmering altar of Xom.
  7442 | D:8      | Found a basalt altar of Yredelemnul.
  7474 | D:8      | Found a stormy altar of Qazlal.
  7808 | D:8      | Reached skill level 5 in Fighting
  7822 | D:8      | Reached XP level 10. HP: 69/81 MP: 9/9
  7881 | D:8      | Reached **** piety under Trog
  7882 | D:8      | Reached skill level 5 in Armour
  8202 | D:9      | Reached skill level 15 in Axes
  8296 | D:9      | Found a staircase to the Orcish Mines.
  8658 | D:9      | Reached skill level 1 in Evocations
  9007 | D:10     | Entered Level 10 of the Dungeon
  9023 | D:10     | Reached skill level 5 in Dodging
  9139 | D:10     | Noticed a two-headed ogre
  9158 | D:10     | Killed a two-headed ogre
  9159 | D:10     | Reached XP level 11. HP: 92/92 MP: 10/10
  9266 | D:10     | Found the brooch of Shielding {Spirit SH+8}
  9357 | D:10     | Reached ***** piety under Trog
  9550 | D:10     | Found a staircase to the Lair.
  9786 | Lair:1   | Entered Level 1 of the Lair of Beasts
  9956 | Lair:1   | Received a gift from Trog
  9965 | Lair:1   | Reached skill level 16 in Axes
 10311 | Lair:1   | Noticed Sonja
 10318 | Lair:1   | Killed Sonja
 11005 | Lair:2   | Found a hole to the Spider Nest.
 11005 | Lair:2   | Noticed an orb spider
 11100 | Lair:2   | Reached XP level 12. HP: 93/101 MP: 11/11
 11306 | Lair:2   | Noticed a five-headed hydra
 11447 | Lair:3   | Noticed a six-headed hydra
 11464 | Lair:3   | HP: 2/154 [15-headed hydra (9)]
 11464 | Lair:3   | Slain by a 15-headed hydra

Illustrated notes

Levels and vault maps discovered:
D:1:      lemuel_arrival_muddy, layout_loops_ring,
          chequers_ecumenical_altar_simple
D:2:      layout_basic, basic_altar, serial_shops,
          nicolae_shop_bloodbath_and_beyond, minmay_tromino_v4_a
D:3:      minmay_door_path, layout_basic, overflow_temple_1_default,
          mainiacjoe_overflow_catwalk, serial_shops, shop, dk_noncrumbling_2
D:4:      layout_basic
D:5:      layout_loops_ring, uniq_edmund
D:6:      layout_gridville, minmay_temple_entry_from_below_a
D:7:      layout_basic, serial_park_tiny_2
D:8:      layout_basic, chequers_temple_overflow_statue_of_worship
D:9:      layout_basic, erik_orc_4
D:10:     layout_basic, lair_entry_dummy, st_stairs_4
Lair:1:   layout_cave_pods, st_stairs_6, grunt_forest_large_clearings,
          lemuel_fruit_tree, uniq_sonja
Lair:2:   beast_lair_carwin_large_3, layout_cave_pods,
          nicolae_spider_entry_orb_guardian, serial_bayou_pond_e,
          grunt_megastairs_5
Lair:3:   nzn_winding_woodlands_cross [nzn_winding_woodlands_5x15_pool,
          nzn_winding_woodlands_5x15_eye,
          nzn_winding_woodlands_5x15_river_crossing,
          nzn_winding_woodlands_5x15_pathside_ponds,
          nzn_winding_woodlands_15x15_killbox], layout_regular_city,
          nicolae_lair_grazing_beasts [nicolae_sub_lair_graze_edge,
          nicolae_sub_lair_graze_edge, nicolae_sub_lair_graze_edge,
          nicolae_sub_lair_graze_edge]

Skill      XL: |  1  2  3  4  5  6  7  8  9 10 11 12 |
---------------+-------------------------------------+-----
Axes           | 4 5 6 7 8 9 11 13 14 15 16 | 16.9
Shields        | 2 4 6 7 9 |  9.5
Fighting       | 5 7 8 |  8.4
Armour         | 4 6 7 8 |  8.1
Dodging        | 3 5 6 7 |  7.3
Evocations     | 2 4 |  4.5

Action                   |  1- 3 |  4- 6 |  7- 9 | 10-12 || total
-------------------------+-------+-------+-------+-------++-------
Melee: Hand axe          |   105 |   103 |   329 |   103 ||   640
       Headbutt          |    12 |    18 |    69 |    93 ||   192
       Punch             |     2 |       |       |       ||     2
       War axe           |       |       |       |   242 ||   242
       Broad axe         |       |       |       |   178 ||   178
Throw: Stone             |       |       |     2 |       ||     2
Invok: Trog's Hand       |       |     2 |     6 |     4 ||    12
       Berserk           |       |     2 |       |     1 ||     3
  Use: Potion            |       |     2 |       |       ||     2
Armor: Chain mail        |    26 |       |       |       ||    26
       Plate armour      |    23 |    61 |   131 |   189 ||   404
       Gold dragon scale |       |       |       |    76 ||    76
Dodge: Dodged            |    30 |    38 |    60 |   148 ||   276
Block: Buckler           |       |     1 |    33 |   113 ||   147
